 Dungeon Crawl Stone Soup version 0.30-b1-2-g02819fbbbe (webtiles) character file.

Game seed: 7547581496924394795

375584 seren the Wrestler (level 21, -10/194 (218) HPs)
             Began as a Troll Monk on Jan 6, 2024.
             Was a High Priest of Jiyva.
             Mangled by a reaper
             ... wielding a +2 scythe of venom
             ... called by a doom hound
              (30 damage)
             ... on level 3 of the Crypt on Jan 7, 2024.
             The game lasted 03:20:14 (42336 turns).

seren the Wrestler (Troll Monk)                    Turns: 42336, Time: 03:20:15

HP:   -10/194 (218) AC: 17    Str: 33    XL:     21   Next: 44%
MP:   23/23         EV: 19    Int: 18    God:    Jiyva [*****.]
Gold: 3369          SH: 16    Dex: 16    Spells: 21/24 levels left

rFire   + +          +
                       - Unarmed
rCold   + . .        Q - +4 kite shield {reflect}
rNeg    . . .        v - +4 robe of Augmentation {Str+4 Int+4 Dex+4}
rPois   +            t - +0 mask of the Dragon {Will+ Slay+3 SInv}
rElec   +            x - +2 cloak of the Dolphin {rElec rF++ rC+ Slay-2 SInv}
rCorr   +            (gloves unavailable)
SInv    +            (boots unavailable)
Will    ++...        K - amulet of Vitality {RegenMP++ Regen++}
Stlth   +            g - +4 ring of slaying
HPRegen 4.36/turn    R - +4 ring of protection
MPRegen 1.43/turn

%: reflection
@: lethally poisoned (-10 -> -10), slowed, heavily drained, very slow
A: large, unfitting armour, claws 3, regeneration 1, shaggy fur 1, tough skin 1,
horns 1, clever 2, fire resistance 1, poison resistance, wild magic 1, eyeballs
2, gelatinous body 3, pseudopods 1, jelly sensing items
}: 3/15 runes: decaying, slimy, gossamer
a: Renounce Religion, Oozemancy, Slimify


You were on level 3 of the Crypt.
You worshipped Jiyva.
Jiyva was extremely pleased with you.
You visited 10 branches of the dungeon, and saw 46 of its levels.
You visited the Abyss 1 time.
You also visited: Bailey.

You collected 4104 gold pieces.
You spent 735 gold pieces at shops.

Inventory:

Hand Weapons
 b - a +9 eudemon blade of holy wrath
 d - a +0 antimagic quarterstaff
Missiles
 h - 28 large rocks
 i - 22 boomerangs (quivered)
 n - 14 javelins
 O - 3 boomerangs of dispersal
Armour
 t - the +0 mask of the Dragon (worn) {Will+ Slay+3 SInv}
   (You found it on level 5 of the Pits of Slime)

   Slay:      It affects your accuracy & damage with ranged weapons and melee
   (+3).
   SInv:      It lets you see invisible.
   Will:      It increases your willpower.
 v - the +4 robe of Augmentation (worn) {Str+4 Int+4 Dex+4}
   (You found it on level 4 of the Dungeon)

   Str:       It affects your strength (+4).
   Int:       It affects your intelligence (+4).
   Dex:       It affects your dexterity (+4).
 x - the +2 cloak of the Dolphin (worn) {rElec rF++ rC+ Slay-2 SInv}
   (You bought it in a shop on level 2 of the Orcish Mines)

   Slay:      It affects your accuracy & damage with ranged weapons and melee
   (-2).
   rF:        It greatly protects you from fire.
   rC:        It protects you from cold.
   rElec:     It insulates you from electricity.
   SInv:      It lets you see invisible.
 D - the +1 robe "Zetucsasu" {Will+ Str+2 Dex+4}
   (You found it on level 2 of the Vaults)

   Str:       It affects your strength (+2).
   Dex:       It affects your dexterity (+4).
   Will:      It increases your willpower.
 Q - a +4 kite shield of reflection (worn)
 Y - +0 fire dragon scales
Magical Staves
 q - the staff of poison "Puanik" {rPois rF+ Will+}
   (You found it on level 5 of the Pits of Slime)

   [staff of poison]

   Base accuracy: +5 Base damage: 5 Base attack delay: 1.2 This weapon's minimum
   attack delay (0.6) is reached at skill level 12.
   rF:        It protects you from fire.
   rPois:     It protects you from poison.
   Will:      It increases your willpower.
   It falls into the 'Staves' category.
   It is a one-clawed weapon.
 Z - the staff of death "Ciogoera" {rPois rN+}
   (You found it on level 3 of the Elven Halls)

   [staff of death]

   Base accuracy: +5 Base damage: 5 Base attack delay: 1.2 This weapon's minimum
   attack delay (0.6) is reached at skill level 12.
   rPois:     It protects you from poison.
   rN:        It protects you from negative energy.
   It falls into the 'Staves' category.
   It is a one-clawed weapon.
Jewellery
 g - a +4 ring of slaying (left claw)
 l - a +5 ring of evasion
 F - the amulet "Cuamuoh" {Acrobat rPois rCorr Str+2}
   (You took it off a deep elf annihilator on level 3 of the Elven Halls)

   [amulet of the acrobat]

   It increases your evasion while moving and waiting.
   Str:       It affects your strength (+2).
   rPois:     It protects you from poison.
   rCorr:     It protects you from acid and corrosion.
 J - a ring of flight
 K - the amulet of Vitality (around neck) {RegenMP++ Regen++}
   (You found it on level 5 of the Pits of Slime)

   [amulet of magic regeneration]

   It increases your rate of magic regeneration.
   Regen:     It increases your rate of health regeneration.
 R - a +4 ring of protection (right claw)
Wands
 k - a wand of acid (16)
 u - a wand of polymorph (26)
 y - a wand of mindburst (38)
 G - a wand of iceblast (17)
Scrolls
 e - 12 scrolls of teleportation
 f - 5 scrolls of fear
 o - 8 scrolls of poison
 r - a scroll of enchant weapon
 s - 2 scrolls of magic mapping
 z - 6 scrolls of fog
 B - 5 scrolls of identify
 E - 6 scrolls of noise
 H - a scroll of butterflies
 T - 2 scrolls of immolation
 W - 2 scrolls of torment
Potions
 a - 7 potions of lignification
 j - a potion of haste
 m - 2 potions of berserk rage
 p - 8 potions of curing
 A - 6 potions of flight
 C - a potion of might
 I - 4 potions of ambrosia
 L - a potion of cancellation
 M - 2 potions of invisibility
 N - 2 potions of resistance
 U - 5 potions of heal wounds
 V - a potion of magic
 X - 2 potions of mutation
Miscellaneous
 c - a lightning rod (4/4)
 w - a phantom mirror
 S - a phial of floods


   Skills:
 + Level 15.3 Fighting
 - Level 6.2 Long Blades
 - Level 14.0 Throwing
 - Level 7.0 Armour
 - Level 14.0 Dodging
 - Level 12.0 Shields
 + Level 21.3 Unarmed Combat
 - Level 2.0 Spellcasting
 - Level 7.0 Earth Magic
 - Level 8.5 Evocations


You had 21 spell levels left.
You knew the following spells:

 Your Spells              Type           Power      Damage    Failure   Level
a - Passwall              Tmut/Erth      15%        N/A       14%         2
b - Apportation           Tloc           4%         N/A       34%         1

Your spell library contained the following spells:

 Spells                   Type           Power      Damage    Failure   Level
 Sandblast                Erth           70%        2d15      3%          1
 Stone Arrow              Conj/Erth      36%        3d9       26%         3
 Foxfire                  Conj/Fire      8%         2x1d4     34%         1
 Magic Dart               Conj           8%         1d3       34%         1
 Necrotise                Necr           8%         1d4       34%         1
 Call Imp                 Summ           4%         N/A       45%         2
 Ensorcelled Hibernation  Hex/Ice        4%         N/A       45%         2
 Static Discharge         Conj/Air       4%         2-3/arc   45%         2
 Leda's Liquefaction      Hex/Erth       9%         N/A       61%         4
 Call Canine Familiar     Summ           2%         N/A       69%         3
 Dazzling Flash           Conj/Hex       4%         N/A       69%         3
 Frozen Ramparts          Ice            4%         1d1       69%         3
 Mephitic Cloud           Conj/Pois/Air  2%         N/A       69%         3
 Portal Projectile        Hex/Tloc       4%         N/A       69%         3
 Spider Form              Tmut/Pois      2%         N/A       69%         3
 Vampiric Draining        Necr           2%         2d6       69%         3
 Vhi's Electric Charge    Tloc/Air       4%         N/A       69%         3
 Airstrike                Air            1%         2d(1-17)  97%         4
 Anguish                  Hex/Necr       1%         N/A       97%         4
 Cause Fear               Hex            1%         N/A       97%         4
 Ice Form                 Ice/Tmut       2%         N/A       97%         4
 Summon Ice Beast         Ice/Summ       2%         N/A       97%         4
 Summon Lightning Spire   Summ/Air       2%         N/A       97%         4
 Agony                    Necr           2%         N/A       100%        5
 Alistair's Intoxication  Tmut/Pois      1%         N/A       100%        5
 Arcjolt                  Conj/Air       1%         1d11      100%        5
 Fireball                 Conj/Fire      1%         3d3       100%        5
 Iskenderun's Battlesphe  Conj           2%         2d6       100%        5
 Silence                  Hex/Air        1%         N/A       100%        5
 Conjure Ball Lightning   Conj/Air       1%         3x3d6     100%        6
 Iron Shot                Conj/Erth      9%         9d3       100%        6
 Plasma Beam              Fire/Air       1%         2x1d12    100%        6
 Starburst                Conj/Fire      1%         6d3       100%        6
 Enfeeble                 Hex            1%         N/A       100%        7
 Spellforged Servitor     Conj/Summ      1%         N/A       100%        7
 Discord                  Hex            1%         N/A       100%        8
 Disjunction              Tloc           1%         N/A       100%        8


Dungeon Overview and Level Annotations

Branches:
Dungeon (15/15)            Temple (1/1) D:6            Lair (5/5) D:9
  Swamp (4/4) Lair:3       Spider (4/4) Lair:2        Slime (5/5) Lair:5
    Orc (2/2) D:10            Elf (3/3) Orc:2        Vaults (4/5) D:14
  Crypt (3/3) Vaults:2     Depths (0/4) D:15         Bailey (visited)
   Tomb: Crypt:3

Altars:
Ashenzari
Cheibriados
Dithmenos
Elyvilon
Fedhas
Gozag
Hepliaklqana
Kikubaaqudgha
Makhleb
Nemelex Xobeh
Okawaru
Qazlal
Ru
Sif Muna
Trog
Uskayaw
Vehumet
Wu Jian
Xom
Yredelemnul
Zin
The Shining One
Jiyva

Shops:
D:2 (   D:5 [   D:8 *   Orc:2 ([*:   Vaults:4 (

Annotations:
D:7 exclusion: downstairs
D:9 exclusions: downstairs and upstairs
Lair:3 Amaemon
Lair:4 exclusion: electric eel
Lair:5 1 runed translucent door, exclusion: fire dragon
Swamp:2 tentacled monstrosity
Slime:5 Royal Jelly
Crypt:1 exclusion: downstairs
Crypt:3 Grunn


Innate Abilities, Weirdness & Mutations

You are too large for most types of armour.
You have claws for hands.
Your natural rate of healing is unusually fast.
You are covered in fur. (AC +1)
You have tough skin. (AC +1)
You have a pair of small horns on your head.
Your mind is very acute. (Int +8, Str/Dex -2)
Your flesh is heat resistant. (rF+)
Your system is resistant to poisons. (rPois)
Your spells are a little harder to cast, but a little more powerful.
Your body has grown many eyes which may confuse attackers. (Acc +5)
Your gelatinous body deflects attacks. (AC +3, EV +3)
Armour fits poorly on your pseudopods.
You have a small jelly attached to you that senses nearby items.


Message History

You completely miss the putrid mouth. You headbutt the putrid mouth.
The putrid mouth is severely damaged.
You are engulfed in dark miasma.
You are more poisoned.
You feel extremely sick. Grunn hits you but does no damage.
You feel drained.
The reaper hits you with a +2 scythe of venom!!
You are more poisoned.
You block the putrid mouth's attack. x2
You closely miss the putrid mouth.
The putrid mouth is severely damaged.
You feel extremely sick. You block Grunn's attack.
The putrid mouth barely misses you. You block the putrid mouth's attack.
The reaper hits you with a +2 scythe of venom.
You are more poisoned.
You mangle the putrid mouth!!
You destroy the putrid mouth!
You feel extremely sick.
Grunn hits you from afar with a +5 glaive of draining!!
You feel drained.
The reaper hits you with a +2 scythe of venom!!
* * * LOW HITPOINT WARNING * * *
You feel extremely sick. You block the reaper's attack.
You feel extremely sick.
The reaper hits you from afar with a +2 scythe of venom.
* * * LOW HITPOINT WARNING * * *
A reaper comes into view.
It is wielding a +1 scythe of protection.
You feel very sick.
One of Grunn's claws falls out.
The reaper hits you with a +1 scythe of protection!!
* * * LOW HITPOINT WARNING * * *
A bone dragon comes into view.
There is a stone staircase leading up, spattered with blood here.
The infernal howling subsides.
You feel very sick.
The jelly seems to regain its courage.
The reaper hits you from afar with a +2 scythe of venom!!
You die...

## ... .##.. .... ...#
##### ...# #...# ...#
######..2########.Z.###.
#.J....@.2gh.hM†MZ......
####§..##########...##.#
#§D§ ....... ..§..
....... ####.. ##.....
#.. .##.# #.. # # ###


You could see Grunn, a bone dragon, 2 doom hounds, 2 reapers, a guardian mummy
and a neutral jelly (wandering) (fellow slime).

Vanquished Creatures
  An ancient lich (Abyss:2)
  Vv (Crypt:2)
  Nikola (Swamp:2)
  A doom hound (Crypt:3)
  The ghost of diceflayer the Invulnerable, an adept MiFi of Okawaru (Elf:3)
  Jorgrun (Swamp:1)
  A tentacled monstrosity (Swamp:2)
  A lich (Abyss:2)
  2 deep elf master archers (Elf:3)
  2 ancient champions
  A sphinx (Vaults:1)
  A tengu reaver (Vaults:2)
  A shadow dragon (Vaults:3)
  A thorn hunter (Swamp:2)
  A daeva (Abyss:2)
  2 revenants
  A fire giant (Vaults:4)
  5 emperor scorpions
  A frost giant (Vaults:1)
  A vault warden (Vaults:3)
  9 deep elf sorcerers
  4 ghouls (Crypt:1)
  A juggernaut zombie (Crypt:1)
  3 ghost moths (Spider:4)
  2 orc warlords
  3 deep elf elementalists (Elf:3)
  3 curse skulls
  An angel (Abyss:2)
  18 ironbound preservers
  A broodmother (Spider:3)
  3 war gargoyles
  3 ironbound thunderhulks
  4 vampire knights
  3 very ugly things
  2 eleionomae
  3 deep elf annihilators (Elf:3)
  A putrid mouth (Crypt:3)
  4 deep elf demonologists
  5 bunyips
  19 dire elephants
  3 spark wasps
  A crystal guardian (Vaults:1)
  Snorg (Orc:2)
  4 deep elf death magi
  2 fire dragons (D:15)
  2 ettins
  5 eidola
  8 jiangshi
  Josephine (Orc:1)
  3 deep elf high priests (Elf:3)
  3 entropy weavers
  10 yaktaur captains
  9 vault guards
  7 ironbound frosthearts
  13 hydras
  A spriggan zombie (Crypt:1)
  An ice dragon (D:15)
  4 ghost crabs
  3 radroaches
  3 jorogumos
  2 spriggan air magi
  9 centaur warriors
  6 two-headed ogres
  4 peacekeepers
  2 catoblepae
  2 merfolk aquamancers (D:13)
  2 tengu warriors (D:15)
  2 boulder beetles
  33 dancing weapons
  A death knight (Crypt:2)
  A spriggan skeleton (Crypt:1)
  11 alligators
  5 vampire magi
  9 death scarabs
  A hell hog (Abyss:2)
  4 orc high priests
  Urug (D:11)
  A hell knight (Crypt:1)
  2 spriggan berserkers (Swamp:1)
  2 thrashing horrors (Abyss:2)
  18 deep elf knights
  17 spriggans
  Nergalle (D:12)
  2 soul eaters (Crypt:2)
  26 skeletal warriors
  A shadow wraith (Crypt:2)
  An iron giant zombie (Crypt:2)
  A storm dragon zombie (Crypt:1)
  3 storm dragon skeletons
  A goliath frog (Swamp:1)
  7 pharaoh ants
  6 spriggan druids
  A bunyip skeleton (Crypt:1)
  4 flayed ghosts
  38 deep trolls
  16 swamp dragons
  A spriggan simulacrum (Crypt:1)
  12 deep elf archers
  4 wizards
  6 bog bodies
  7 phantasmal warriors
  3 spectral wolf spiders (Spider:4)
  11 ironbound convokers
  6 orb spiders
  7 steelbarb worms
  6 lindwurms
  An anaconda skeleton (Crypt:3)
  A necromancer (Crypt:1)
  A jorogumo zombie (Crypt:2)
  36 deep elf pyromancers
  6 orc knights
  13 wolf spiders
  21 deep elf zephyrmancers
  A broodmother zombie (Spider:4)
  4 orc sorcerers
  2 will-o-the-wisps (Swamp:3)
  21 ugly things
  A cyclops (shapeshifter) (Elf:1)
  3 manticores (D:15)
  A salamander (shapeshifter) (Elf:3)
  2 large abominations (Abyss:2)
  6 cyclopes
  Maurice (D:9)
  A guardian serpent (shapeshifter) (Elf:2)
  16 elephants
  4 black mambas
  The ghost of Phaedo the Trooper, a novice AtWr (D:4)
  11 vault sentinels
  2 moths of wrath
  Joseph (D:8)
  11 cane toads
  7 demonic crawlers
  An alligator snapping turtle zombie (Crypt:1)
  2 smoke demons (Abyss:2)
  8 torpor snails
  2 rime drakes
  3 kobold demonologists
  5 gargoyles
  An efreet (D:14)
  A black draconian zombie (Crypt:1)
  A rime drake (shapeshifter) (Elf:2)
  9 yaktaurs
  8 komodo dragons
  2 redback zombies (Spider:4)
  2 harpy zombies (Crypt:1)
  9 trolls
  3 meliai (Spider:4)
  A spectral tarantella (Spider:4)
  3 spectral jumping spiders (Spider:4)
  2 harpy skeletons (Crypt:1)
  6 polar bears
  20 tyrant leeches
  16 blink frogs
  20 hornets
  A tarantella zombie (Spider:4)
  13 tarantellas
  An alligator zombie (Crypt:1)
  A great orb of eyes zombie (Crypt:2)
  2 jumping spider zombies (Spider:4)
  2 meliai zombies
  5 flying skulls (Crypt:1)
  A slime creature (Lair:5)
  15 jumping spiders
  12 culicivoras
  2 wyverns
  5 air elementals
  3 water elementals
  6 wraiths
  A shadow (D:12)
  3 fire elementals
  2 vampires
  A ynoxinul (Abyss:2)
  41 yaks
  Eustachio (D:6)
  A human (shapeshifter) (Elf:2)
  5 humans (D:6)
  8 basilisks
  A chaos spawn (Abyss:2)
  A catoblepas simulacrum (Crypt:1)
  35 redbacks
  2 steam dragons
  24 vampire mosquitoes
  Menkaure (D:5)
  12 swamp worms
  2 wargs
  A demonspawn zombie (Crypt:1)
  8 water moccasins
  A two-headed ogre skeleton (Crypt:1)
  2 acid dragons
  5 swamp drakes (Swamp:4)
  A demonspawn skeleton (Crypt:1)
  2 ice beasts
  31 orc warriors
  10 black bears
  A sky beast (D:8)
  5 ogres
  8 wolves
  A blink frog skeleton (Crypt:1)
  11 centaurs
  2 phantoms (D:5)
  2 kobold brigands (D:9)
  A fire crab zombie (Crypt:3)
  13 bullfrogs
  5 small abominations (Abyss:2)
  A gnoll sergeant (D:9)
  3 earth elementals
  A scorpion (D:4)
  A necrophage (Crypt:1)
  2 killer bees
  4 electric eels
  A howler monkey (D:10)
  2 quasits (Abyss:2)
  A gnoll bouda (D:10)
  A human zombie (Crypt:2)
  Crazy Yiuf (D:7)
  17 orc priests
  3 hounds
  4 jellies
  A human skeleton (Crypt:2)
  4 iguanas
  16 orc wizards
  A scorpion zombie (Crypt:3)
  A tengu zombie (Crypt:1)
  A deep dwarf zombie (Crypt:1)
  3 gnolls (D:10)
  7 adders
  2 shadow imps
  A white imp (D:6)
  3 worms
  85 orcs
  7 ball pythons
  5 endoplasms
  5 giant cockroaches
  6 goblins
  5 hobgoblins
  4 jackals (D:3)
  12 kobolds
  5 quokkas
  14 bats
  3 frilled lizards
  4 rats
  A briar patch (Swamp:2)
  2 starspawn tentacles (Abyss:2)
1369 creatures vanquished.

Vanquished Creatures (collateral kills)
  An orc warlord (Orc:1)
  An eleionoma (Swamp:3)
  A boulder beetle (Spider:3)
  A skeletal warrior (Crypt:2)
  A wolf spider (Spider:1)
  A cyclops (Orc:2)
  A bloated husk (Swamp:3)
  A hornet (Swamp:1)
  2 jumping spiders (Spider:3)
  A swamp worm (Swamp:1)
11 creatures vanquished.

Vanquished Creatures (others)
  An acid blob (Vaults:1)
  An azure jelly (Crypt:1)
  3 deep elf sorcerers (Elf:3)
  Louise (Swamp:1)
  A deep elf elementalist (Elf:3)
  An orc warlord (Vaults:2)
  2 deep elf demonologists (Elf:3)
  A deep elf annihilator (Elf:3)
  An ironbound thunderhulk (Vaults:4)
  A dire elephant (Vaults:3)
  A deep elf death mage (Elf:3)
  2 deep elf high priests
  2 great orbs of eyes (Vaults:4)
  2 boulder beetles
  A merfolk aquamancer (D:13)
  3 hell knights (Crypt:1)
  2 deep elf knights (Elf:1)
  A deep troll (shapeshifter) (Elf:1)
  4 lindwurms
  A swamp dragon (Swamp:4)
  2 ironbound convokers
  A deep elf pyromancer (Elf:1)
  2 vault sentinels (Vaults:4)
  A gargoyle (D:12)
  6 yaktaurs (Vaults:4)
  2 bloated husks (Swamp:2)
  A troll (D:12)
  A culicivora (Spider:3)
  34 slime creatures
  A wraith (Vaults:2)
  A fire elemental (Elf:1)
  2 orc warriors (Orc:2)
  An ogre (Orc:1)
  A bullfrog (shapeshifter) (D:13)
  185 jellies
  6 orc priests
  3 orc wizards
  5 orcs (Orc:2)
  2 bushes (Lair:2)
  6 foxfires (Swamp:3)
  42 fungi
  109 plants
  5 starspawn tentacles (Abyss:2)
451 creatures vanquished.

Grand Total: 1831 creatures vanquished

Notes
Turn   | Place    | Note
-------+----------+-------------------------------------------
     0 | D:1      | seren the Troll Monk began the quest for the Orb.
     0 | D:1      | Reached XP level 1. HP: 22/22 MP: 0/0
   128 | D:1      | Reached XP level 2. HP: 29/29 MP: 1/1
   669 | D:2      | Identified the +0 ring mail of Duck's Teeth {rF+ Regen+}
   886 | D:2      | Reached XP level 3. HP: 36/36 MP: 2/2
  1138 | D:2      | Found Lavaohos's Weapon Shoppe.
  1508 | D:3      | Reached XP level 4. HP: 44/45 MP: 3/3
  2179 | D:3      | Learned a level 2 spell: Passwall
  2218 | D:4      | Found the +4 robe of Augmentation {Str+4 Int+4 Dex+4}
  2259 | D:4      | Noticed Phaedo's ghost (novice AtWr)
  2263 | D:4      | Noticed a black bear
  2266 | D:4      | Found a runed translucent gate.
  2266 | D:4      | Found a runed translucent gate.
  2266 | D:4      | Found a runed translucent gate.
  2325 | D:4      | Noticed a scorpion
  2333 | D:4      | Killed a scorpion
  2334 | D:4      | Reached skill level 4 in Unarmed Combat
  2334 | D:4      | Reached XP level 5. HP: 53/53 MP: 4/4
  2629 | D:5      | Entered Level 5 of the Dungeon
  2655 | D:5      | Noticed a centaur
  2664 | D:5      | Killed a centaur
  2669 | D:5      | Reached XP level 6. HP: 59/62 MP: 5/5
  3002 | D:5      | Found Dasiac's Antique Armour Shoppe.
  3031 | D:5      | Reached skill level 5 in Unarmed Combat
  3059 | D:5      | Reached XP level 7. HP: 71/71 MP: 6/6
  3112 | D:5      | Noticed Menkaure
  3133 | D:5      | Killed Menkaure
  3447 | D:6      | Reached skill level 1 in Throwing
  3447 | D:6      | Reached skill level 1 in Armour
  3476 | D:6      | Reached skill level 1 in Evocations
  3507 | D:6      | Found a staircase to the Ecumenical Temple.
  3536 | Temple   | Entered the Ecumenical Temple
  3726 | D:6      | Reached XP level 8. HP: 70/79 MP: 7/7
  4123 | D:6      | Noticed Eustachio
  4125 | D:6      | Reached skill level 5 in Fighting
  4139 | D:6      | Reached skill level 5 in Dodging
  4139 | D:6      | Reached skill level 6 in Unarmed Combat
  4163 | D:6      | Killed Eustachio
  4184 | D:6      | Reached XP level 9. HP: 77/88 MP: 8/8
  4856 | D:7      | Found a shadowy altar of Dithmenos.
  5262 | D:7      | Found a white marble altar of Elyvilon.
  5417 | D:7      | Found a runed translucent door.
  5418 | D:7      | Noticed Crazy Yiuf
  5423 | D:7      | Killed Crazy Yiuf
  5765 | D:8      | Noticed Joseph
  6157 | D:8      | Reached skill level 7 in Unarmed Combat
  6220 | D:8      | Found Cim Qis's Specific Store.
  6223 | D:8      | Found Jiacoem's General Store.
  6231 | D:8      | Bought a scroll of identify for 28 gold pieces
  6235 | D:8      | Bought a scroll of teleportation for 45 gold pieces
  6235 | D:8      | Bought a scroll of teleportation for 45 gold pieces
  6235 | D:8      | Bought a wand of paralysis (5) for 180 gold pieces
  6460 | D:9      | Noticed a kobold demonologist
  6470 | D:9      | Killed a kobold demonologist
  6505 | D:9      | Found a shimmering blue altar of Sif Muna.
  6528 | D:9      | Noticed Maurice
  6612 | D:9      | Killed Maurice
  6613 | D:9      | Reached XP level 10. HP: 89/98 MP: 2/9
  6731 | D:9      | Identified the +1 robe "Xytaimuv" {rPois}
  6830 | D:9      | Noticed a two-headed ogre
  6840 | D:9      | Killed a two-headed ogre
  6876 | D:9      | Reached skill level 5 in Evocations
  7040 | D:9      | Found a flagged portal.
  7054 | Bailey   | Entered a bailey
  7387 | Bailey   | Identified the +0 crystal plate armour of Hazimoj {rPois
                  | rF+ rCorr}
  7676 | D:9      | Found a staircase to the Lair.
  7730 | D:10     | Entered Level 10 of the Dungeon
  7743 | D:9      | Reached skill level 8 in Unarmed Combat
  7860 | Lair:1   | Entered Level 1 of the Lair of Beasts
  7903 | Lair:1   | Noticed a cane toad
  7912 | Lair:1   | Noticed a catoblepas
  7933 | D:9      | Killed a catoblepas
  7934 | D:9      | Reached skill level 1 in Shields
  8040 | D:10     | Noticed a gargoyle
  8042 | D:10     | Killed a gargoyle
  8043 | D:10     | Reached XP level 11. HP: 107/107 MP: 10/10
  8152 | D:10     | Found a staircase to the Orcish Mines.
  8344 | D:10     | Reached skill level 5 in Armour
  8613 | D:10     | Noticed a two-headed ogre
  8745 | D:10     | Killed a two-headed ogre
  9049 | D:10     | Found a bloodstained altar of Trog.
  9174 | D:10     | Reached skill level 9 in Unarmed Combat
 10516 | Lair:2   | Reached XP level 12. HP: 108/119 MP: 11/11
 10794 | Lair:2   | Found a hole to the Spider Nest.
 10813 | Lair:2   | Noticed a dire elephant
 11099 | Lair:2   | Killed a dire elephant
 11100 | Lair:2   | Reached skill level 5 in Throwing
 11100 | Lair:2   | Reached skill level 5 in Shields
 11411 | Lair:2   | Reached skill level 10 in Unarmed Combat
 11677 | Lair:3   | Noticed Amaemon
 11677 | Lair:3   | Found a shimmering altar of Xom.
 12171 | Lair:3   | Identified a scroll of acquirement
 12171 | Lair:3   | Acquired a manual of Dodging
 12403 | Lair:3   | Found a staircase to the Swamp.
 12600 | Lair:3   | Reached XP level 13. HP: 131/131 MP: 12/12
 13445 | Lair:5   | Entered Level 5 of the Lair of Beasts
 13802 | Lair:4   | Reached skill level 11 in Unarmed Combat
 13895 | Lair:5   | Found a viscous altar of Jiyva.
 13895 | Lair:5   | Found a staircase to the Slime Pits.
 13987 | Lair:5   | Became a worshipper of Jiyva Jufug the Shapeless
 13987 | Lair:5   | Reached * piety under Jiyva
 13987 | Lair:5   | Reached ** piety under Jiyva
 14010 | Lair:5   | Reached skill level 10 in Dodging
 14489 | Lair:5   | Found a runed translucent door.
 14489 | Lair:5   | Noticed a fire dragon
 14581 | Lair:5   | Paralysed by a hornet for 3 turns
 15134 | Orc:1    | Entered Level 1 of the Orcish Mines
 15208 | Orc:1    | Noticed Josephine
 15272 | D:11     | Reached *** piety under Jiyva
 15394 | D:11     | Gained mutation: You are agile. (Dex +4, Str/Int -1)
                  | [Jiyva's grace]
 15394 | D:11     | Gained mutation: You are very agile. (Dex +8, Str/Int -2)
                  | [Jiyva's grace]
 15394 | D:11     | Gained mutation: Armour fits poorly on your pseudopods.
                  | [Jiyva's grace]
 15394 | D:11     | Gained mutation: Armour fits poorly on your large
                  | pseudopods. [Jiyva's grace]
 15663 | D:11     | Reached **** piety under Jiyva
 15719 | D:11     | Noticed Urug
 15726 | D:11     | Killed Urug
 15727 | D:11     | Reached XP level 14. HP: 141/141 MP: 13/13
 16060 | D:8      | Killed Joseph
 16572 | D:11     | Reached skill level 10 in Fighting
 16913 | D:12     | Noticed Nergalle
 16929 | D:12     | Killed Nergalle
 17455 | D:12     | Reached skill level 12 in Unarmed Combat
 17801 | Orc:1    | Killed Josephine
 17948 | Orc:2    | Entered Level 2 of the Orcish Mines
 18264 | D:4      | Killed Phaedo's ghost
 18626 | D:13     | Lost mutation: You are very agile. (Dex +8, Str/Int -2)
                  | [Jiyva's grace]
 18626 | D:13     | Gained mutation: Your rubbery body absorbs attacks. (AC +1,
                  | EV +1) [Jiyva's grace]
 18626 | D:13     | Gained mutation: Your pliable body absorbs attacks. (AC +2,
                  | EV +2) [Jiyva's grace]
 18626 | D:13     | Gained mutation: Your gelatinous body deflects attacks. (AC
                  | +3, EV +3) [Jiyva's grace]
 18626 | D:13     | Gained mutation: You are resistant to electric shocks.
                  | (rElec) [Jiyva's grace]
 19032 | D:14     | Reached ***** piety under Jiyva
 19201 | D:14     | Found a gate to the Vaults.
 19407 | D:14     | Identified the +0 pair of gloves "Lango" {rC+ Will+ Str+4}
 19574 | D:15     | Entered Level 15 of the Dungeon
 19782 | Orc:1    | Reached XP level 15. HP: 133/152 MP: 14/14
 19865 | Orc:2    | Paralysed by an orc sorcerer for 2 turns
 20539 | D:15     | Lost mutation: You are agile. (Dex +4, Str/Int -1) [Jiyva's
                  | grace]
 20539 | D:15     | Gained mutation: You are covered in slimy tendrils that may
                  | disarm your opponents. [Jiyva's grace]
 20539 | D:15     | Gained mutation: You are somewhat resistant to further
                  | mutation. [Jiyva's grace]
 20539 | D:15     | Gained mutation: You are somewhat resistant to both further
                  | mutation and mutation removal. [Jiyva's grace]
 20539 | D:15     | Gained mutation: You are almost entirely resistant to
                  | further mutation and mutation removal. [Jiyva's grace]
 20742 | D:15     | Found a staircase to the Depths.
 21135 | Orc:2    | Reached skill level 13 in Unarmed Combat
 21278 | Orc:2    | Found a staircase to the Elven Halls.
 21280 | Orc:2    | Noticed Snorg
 21291 | Orc:2    | Killed Snorg
 21759 | Orc:2    | Found Inaim's Antique Armour Shop.
 21760 | Orc:2    | Found Beluang's Antique Weapon Shop.
 21762 | Orc:2    | Found Anunlud's General Store.
 21762 | Orc:2    | Found Wewoth's Book Boutique.
 21769 | Orc:2    | Bought a distressingly furry cloak for 304 gold pieces
 21769 | Orc:2    | Identified the +2 cloak of the Dolphin {rElec rF++ rC+
                  | Slay-2 SInv} (You bought it in a shop on level 2 of the
                  | Orcish Mines)
 21787 | Orc:2    | Bought a scroll of silence for 133 gold pieces
 22092 | Swamp:1  | Entered Level 1 of the Swamp
 22279 | Swamp:1  | Reached skill level 10 in Throwing
 22339 | Lair:3   | Reached skill level 10 in Shields
 22431 | Lair:3   | Reached ****** piety under Jiyva
 22482 | Slime:1  | Entered Level 1 of the Pits of Slime
 22482 | Slime:1  | Noticed an acid blob
 22483 | Slime:1  | Noticed an acid blob
 22496 | Slime:2  | Noticed an azure jelly
 22497 | Slime:2  | Noticed an acid blob
 22497 | Slime:2  | Noticed an azure jelly
 22498 | Slime:2  | Noticed an acid blob
 22498 | Slime:2  | Noticed an azure jelly
 22500 | Slime:2  | Noticed an azure jelly
 22500 | Slime:2  | Noticed an azure jelly
 22513 | Slime:4  | Noticed an azure jelly
 22513 | Slime:4  | Noticed an acid blob
 22515 | Slime:4  | Noticed an azure jelly
 22519 | Slime:4  | Noticed a rockslime
 22520 | Slime:5  | Entered Level 5 of the Pits of Slime
 22521 | Slime:5  | Noticed a rockslime
 22535 | Slime:5  | Noticed an azure jelly
 22536 | Slime:5  | Found a viscous altar of Jiyva.
 22536 | Slime:5  | Noticed the Royal Jelly
 22537 | Slime:5  | Noticed an acid blob
 22537 | Slime:5  | Noticed an azure jelly
 22537 | Slime:5  | Found the +6 Majin-Bo {spellvamp, MP+6 Int+6}
 22538 | Slime:5  | Noticed an azure jelly
 22538 | Slime:5  | Found the amulet of Vitality {RegenMP++ Regen++}
 22539 | Slime:5  | Noticed an acid blob
 22541 | Slime:5  | Identified the +3 mace "Giantbane" {protect, rF- Str+2
                  | Dex+5}
 22541 | Slime:5  | Noticed an acid blob
 22541 | Slime:5  | Noticed an acid blob
 22547 | Slime:5  | Identified the +8 mace of Vycs {venom, SInv}
 22548 | Slime:5  | Noticed an azure jelly
 22549 | Slime:5  | Noticed an azure jelly
 22550 | Slime:5  | Found the +0 mask of the Dragon {Will+ Slay+3 SInv}
 22550 | Slime:5  | Noticed an azure jelly
 22552 | Slime:5  | Noticed a rockslime
 22558 | Slime:5  | Identified the ring of the Past {rCorr MP+9}
 22566 | Slime:5  | Noticed a rockslime
 22570 | Slime:5  | Identified the staff of poison "Puanik" {rPois rF+ Will+}
 22572 | Slime:5  | Identified the +3 dagger "Zixun" {freeze, rElec Int+2}
 22574 | Slime:5  | Got a slimy rune of Zot
 22577 | Slime:5  | Identified the +5 mace of Compulsion {flame, rPois Dex+4}
 22893 | Swamp:1  | Noticed Louise
 22893 | Swamp:1  | Noticed Jorgrun
 22931 | Swamp:1  | Killed Jorgrun
 23026 | Swamp:1  | Killed Louise
 23551 | Swamp:2  | Noticed a tentacled monstrosity
 23648 | Spider:1 | Entered Level 1 of the Spider Nest
 23694 | Spider:1 | Lost mutation: You are almost entirely resistant to further
                  | mutation and mutation removal. [Jiyva's grace]
 23694 | Spider:1 | Lost mutation: Your gelatinous body deflects attacks. (AC
                  | +3, EV +3) [Jiyva's grace]
 23694 | Spider:1 | Lost mutation: Armour fits poorly on your large pseudopods.
                  | [Jiyva's grace]
 23694 | Spider:1 | Gained mutation: Your body has grown eyes which may confuse
                  | attackers. (Acc +3) [Jiyva's grace]
 23694 | Spider:1 | Gained mutation: Your body has grown many eyes which may
                  | confuse attackers. (Acc +5) [Jiyva's grace]
 23694 | Spider:1 | Gained mutation: Your body is covered in eyes which may
                  | confuse attackers. (Acc +7, SInv) [Jiyva's grace]
 23694 | Spider:1 | Gained mutation: You have a small jelly attached to you
                  | that senses nearby items. [Jiyva's grace]
 23820 | Spider:1 | Reached XP level 16. HP: 163/163 MP: 15/15
 25088 | Spider:1 | Gained mutation: You are frail. (-10% HP) [mutagenic glow]
 25379 | Spider:2 | Reached skill level 14 in Unarmed Combat
 26252 | Spider:3 | Reached skill level 1 in Earth Magic
 26310 | Spider:3 | Lost mutation: You are somewhat resistant to both further
                  | mutation and mutation removal. [Jiyva's grace]
 26310 | Spider:3 | Lost mutation: Armour fits poorly on your pseudopods.
                  | [Jiyva's grace]
 26310 | Spider:3 | Lost mutation: You have a small jelly attached to you that
                  | senses nearby items. [Jiyva's grace]
 26310 | Spider:3 | Gained mutation: Your flesh is heat resistant. (rF+)
                  | [Jiyva's grace]
 26310 | Spider:3 | Gained mutation: Your flesh is very heat resistant. (rF++)
                  | [Jiyva's grace]
 26310 | Spider:3 | Gained mutation: Your flesh is almost immune to the effects
                  | of heat. (rF+++) [Jiyva's grace]
 26310 | Spider:3 | Gained mutation: You have a beak for a mouth. [Jiyva's
                  | grace]
 26769 | Spider:4 | Entered Level 4 of the Spider Nest
 27444 | Spider:4 | Reached XP level 17. HP: 70/147 MP: 16/16
 27905 | Spider:4 | Got a gossamer rune of Zot
 28750 | Swamp:2  | Killed a tentacled monstrosity
 28906 | Swamp:3  | Noticed Nikola
 28924 | Swamp:2  | Killed Nikola
 29071 | Swamp:3  | Reached skill level 1 in Spellcasting
 29432 | Swamp:3  | Lost mutation: Your flesh is almost immune to the effects
                  | of heat. (rF+++) [Jiyva's grace]
 29432 | Swamp:3  | Lost mutation: Your body is covered in eyes which may
                  | confuse attackers. (Acc +7, SInv) [Jiyva's grace]
 29432 | Swamp:3  | Lost mutation: Your pliable body absorbs attacks. (AC +2,
                  | EV +2) [Jiyva's grace]
 29432 | Swamp:3  | Lost mutation: Your rubbery body absorbs attacks. (AC +1,
                  | EV +1) [Jiyva's grace]
 29432 | Swamp:3  | Lost mutation: You are covered in slimy tendrils that may
                  | disarm your opponents. [Jiyva's grace]
 29432 | Swamp:3  | Gained mutation: You possess an exceptional clarity of
                  | mind. [Jiyva's grace]
 29432 | Swamp:3  | Gained mutation: Your system is resistant to poisons.
                  | (rPois) [Jiyva's grace]
 29432 | Swamp:3  | Lost mutation: You are frail. (-10% HP) [Jiyva's grace]
 29432 | Swamp:3  | Gained mutation: You are robust. (+10% HP) [Jiyva's grace]
 29668 | Swamp:4  | Entered Level 4 of the Swamp
 29932 | Swamp:3  | Reached skill level 15 in Unarmed Combat
 30050 | Swamp:4  | Reached skill level 5 in Earth Magic
 30366 | Swamp:4  | Noticed the 27-headed Lernaean hydra
 30374 | Swamp:4  | Slimified the 27-headed Lernaean hydra
 30374 | Swamp:4  | the 27-headed Lernaean hydra changed into an azure jelly
                  | shaped Lernaean hydra
 30374 | Swamp:4  | Noticed an azure jelly shaped Lernaean hydra
 30506 | Swamp:4  | Got a decaying rune of Zot
 30871 | Vaults:1 | Entered Level 1 of the Vaults
 30894 | D:14     | Reached XP level 18. HP: 203/203 MP: 18/18
 31850 | Vaults:1 | Lost mutation: Your flesh is very heat resistant. (rF++)
                  | [Jiyva's grace]
 31850 | Vaults:1 | Lost mutation: You are somewhat resistant to further
                  | mutation. [Jiyva's grace]
 31850 | Vaults:1 | Lost mutation: You are resistant to electric shocks.
                  | (rElec) [Jiyva's grace]
 31850 | Vaults:1 | Gained mutation: You are resistant to electric shocks.
                  | (rElec) [Jiyva's grace]
 31850 | Vaults:1 | Gained mutation: You have acidic saliva. [Jiyva's grace]
 31850 | Vaults:1 | Gained mutation: Armour fits poorly on your pseudopods.
                  | [Jiyva's grace]
 31850 | Vaults:1 | Gained mutation: Armour fits poorly on your large
                  | pseudopods. [Jiyva's grace]
 32514 | Vaults:2 | Found a staircase to the Crypt.
 32780 | Vaults:2 | Reached skill level 16 in Unarmed Combat
 33184 | Vaults:2 | Identified the +1 robe "Zetucsasu" {Will+ Str+2 Dex+4}
 33876 | Vaults:3 | Reached XP level 19. HP: 175/216 MP: 19/19
 34210 | Vaults:3 | Reached skill level 17 in Unarmed Combat
 34504 | Vaults:3 | Lost mutation: You have a beak for a mouth. [Jiyva's grace]
 34504 | Vaults:3 | Lost mutation: You possess an exceptional clarity of mind.
                  | [Jiyva's grace]
 34504 | Vaults:3 | Lost mutation: You are resistant to electric shocks.
                  | (rElec) [Jiyva's grace]
 34504 | Vaults:3 | Lost mutation: You have acidic saliva. [Jiyva's grace]
 34504 | Vaults:3 | Gained mutation: Your body is covered in eyes which may
                  | confuse attackers. (Acc +7, SInv) [Jiyva's grace]
 34504 | Vaults:3 | Gained mutation: Armour fits poorly on your massive
                  | pseudopods. [Jiyva's grace]
 34504 | Vaults:3 | Gained mutation: Your spells are a little harder to cast,
                  | but a little more powerful. [Jiyva's grace]
 34504 | Vaults:3 | Gained mutation: Your spells are harder to cast, but more
                  | powerful. [Jiyva's grace]
 35025 | Vaults:4 | Found Unonitaw's Antique Weapon Emporium.
 35381 | Vaults:4 | Reached skill level 18 in Unarmed Combat
 35742 | Abyss:2  | Found a corrupted altar of Lugonu.
 35742 | Abyss:2  | Cast into level 2 of the Abyss (vault sentinel)
 35841 | Abyss:2  | Found a corrupted altar of Lugonu.
 35927 | Abyss:2  | Noticed an ancient lich
 35946 | Abyss:2  | Killed an ancient lich
 35947 | Abyss:2  | Reached skill level 19 in Unarmed Combat
 36026 | Vaults:4 | Escaped the Abyss
 36105 | Vaults:4 | Lost mutation: You are robust. (+10% HP) [Jiyva's grace]
 36105 | Vaults:4 | Lost mutation: Your spells are harder to cast, but more
                  | powerful. [Jiyva's grace]
 36105 | Vaults:4 | Lost mutation: Your body is covered in eyes which may
                  | confuse attackers. (Acc +7, SInv) [Jiyva's grace]
 36105 | Vaults:4 | Lost mutation: Your body has grown many eyes which may
                  | confuse attackers. (Acc +5) [Jiyva's grace]
 36105 | Vaults:4 | Lost mutation: Armour fits poorly on your massive
                  | pseudopods. [Jiyva's grace]
 36105 | Vaults:4 | Gained mutation: You are agile. (Dex +4, Str/Int -1)
                  | [Jiyva's grace]
 36105 | Vaults:4 | Gained mutation: You are very agile. (Dex +8, Str/Int -2)
                  | [Jiyva's grace]
 36105 | Vaults:4 | Gained mutation: Your mind is acute. (Int +4, Str/Dex -1)
                  | [Jiyva's grace]
 36105 | Vaults:4 | Gained mutation: Your mind is very acute. (Int +8, Str/Dex
                  | -2) [Jiyva's grace]
 36631 | Elf:1    | Entered Level 1 of the Elven Halls
 36647 | Elf:1    | Paralysed by an air elemental for 1 turns
 36895 | Elf:1    | Reached XP level 20. HP: 207/208 MP: 20/20
 37512 | Elf:3    | Entered Level 3 of the Elven Halls
 37701 | Elf:2    | Paralysed by an air elemental for 1 turns
 37890 | Elf:2    | Found a runed translucent gate.
 37891 | Elf:2    | Found a runed translucent gate.
 37891 | Elf:2    | Found a runed translucent gate.
 38344 | Elf:2    | Reached skill level 20 in Unarmed Combat
 38683 | Elf:3    | Lost mutation: You are very agile. (Dex +8, Str/Int -2)
                  | [Jiyva's grace]
 38683 | Elf:3    | Lost mutation: You are agile. (Dex +4, Str/Int -1) [Jiyva's
                  | grace]
 38683 | Elf:3    | Lost mutation: Your body has grown eyes which may confuse
                  | attackers. (Acc +3) [Jiyva's grace]
 38683 | Elf:3    | Gained mutation: You have a small jelly attached to you
                  | that senses nearby items. [Jiyva's grace]
 38683 | Elf:3    | Gained mutation: Your body has grown eyes which may confuse
                  | attackers. (Acc +3) [Jiyva's grace]
 38683 | Elf:3    | Gained mutation: Your body has grown many eyes which may
                  | confuse attackers. (Acc +5) [Jiyva's grace]
 38683 | Elf:3    | Gained mutation: Your body is covered in eyes which may
                  | confuse attackers. (Acc +7, SInv) [Jiyva's grace]
 38960 | Elf:3    | Reached skill level 15 in Fighting
 38975 | Elf:3    | Noticed Bai Suzhen
 38986 | Elf:3    | Slimified Bai Suzhen
 38986 | Elf:3    | Bai Suzhen changed into Bai Suzhen the azure jelly
 38986 | Elf:3    | Noticed Bai Suzhen
 39018 | Elf:3    | Identified the +7 plate armour of Ignis, Jumping {Harm Fly
                  | Will+ Int+2}
 39025 | Elf:3    | Identified the amulet "Cuamuoh" {Acrobat rPois rCorr Str+2}
 39058 | Elf:3    | Identified the staff of death "Ciogoera" {rPois rN+}
 39060 | Elf:3    | Identified the +7 rapier of the Harvest {heavy, rF+}
 39067 | Elf:3    | Identified the +5 chain mail of Failure {rElec rF- rC+
                  | Str+5}
 39068 | Elf:3    | Identified the +1 ring mail of Serendipity {Contam Fly MP+9
                  | Int-3}
 39094 | Elf:3    | Identified the +5 mace "Fass" {drain, *Noise rElec rF+++
                  | Stlth+}
 39111 | Elf:3    | HP: 3/199 [Ice Fiend[a deep elf demonologist] (21)]
 39353 | Elf:3    | Paralysed by an air elemental for 1 turns
 39504 | Elf:3    | Found a runed translucent door.
 39506 | Elf:3    | Noticed diceflayer's ghost (adept MiFi)
 39520 | Elf:3    | Killed diceflayer's ghost
 39525 | Elf:3    | Identified the ring "Sirofyet" {*Slow rPois Will+ Int+3}
 39767 | Elf:3    | Learned a level 1 spell: Apportation
 40061 | Crypt:1  | Entered Level 1 of the Crypt
 40145 | Crypt:1  | Noticed Margery
 40153 | Crypt:1  | Slimified Margery
 40153 | Crypt:1  | Margery changed into Margery the azure jelly
 40153 | Crypt:1  | Noticed Margery
 40168 | Crypt:1  | Reached skill level 1 in Long Blades
 40257 | Crypt:1  | Killed Margery the azure jelly
 40674 | Crypt:1  | Reached XP level 21. HP: 218/218 MP: 23/23
 40857 | Crypt:1  | Reached skill level 5 in Long Blades
 41327 | Crypt:2  | Reached skill level 21 in Unarmed Combat
 41334 | Crypt:2  | Noticed Vv
 41399 | Crypt:2  | Noticed Frederick
 41563 | Crypt:3  | Entered Level 3 of the Crypt
 41776 | Crypt:2  | Lost mutation: Your body is covered in eyes which may
                  | confuse attackers. (Acc +7, SInv) [Jiyva's grace]
 41776 | Crypt:2  | Lost mutation: Armour fits poorly on your large pseudopods.
                  | [Jiyva's grace]
 41776 | Crypt:2  | Gained mutation: Your rubbery body absorbs attacks. (AC +1,
                  | EV +1) [Jiyva's grace]
 41776 | Crypt:2  | Gained mutation: Your pliable body absorbs attacks. (AC +2,
                  | EV +2) [Jiyva's grace]
 41776 | Crypt:2  | Gained mutation: Your gelatinous body deflects attacks. (AC
                  | +3, EV +3) [Jiyva's grace]
 41776 | Crypt:2  | Gained mutation: You have a pair of small horns on your
                  | head. [Jiyva's grace]
 41902 | Crypt:2  | Identified the +0 scale mail of the Boiling Point {rF+ rN+
                  | Dex+3}
 41909 | Crypt:2  | Slimified Frederick
 41909 | Crypt:2  | Frederick changed into Frederick the azure jelly
 41909 | Crypt:2  | Noticed Frederick
 42015 | Crypt:2  | Killed Vv
 42317 | Crypt:3  | Noticed Grunn
 42336 | Crypt:3  | Mangled by a reaper

Illustrated notes

Levels and vault maps discovered:
D:1:      dreamdust_arrival_sigmund_warning, layout_loops_ring
D:2:      layout_basic, serial_shops, nicolae_shop_stone, nicolae_titane
D:3:      layout_rooms, serial_co_window_serial, co_window_paths_b,
          co_window_of_opportunity_a, co_window_cross_1, co_window_corner_a,
          co_window_paths_a, co_window_broadway_b, co_window_corner_ca,
          co_window_broadway_b, co_window_unsneaky_path_c, glass_columns_a,
          glass_columns_a, glass_columns_a
D:4:      layout_rooms, gammafunk_ghost_split, minmay_between
D:5:      layout_basic, serial_shops, nicolae_shop_just_a_little_nook,
          minmay_misc_feat_enclosed, uniq_menkaure
D:6:      layout_basic, minmay_temple_entry_large_hall, minmay_ruffians,
          uniq_eustachio
D:7:      layout_cave_pods, mainiacjoe_overflow_cross_hatched, elyvilon_altar_4,
          uniq_crazy_yiuf_cottage
D:8:      layout_basic, nicolae_specific_store, minmay_sticks_and_stones
D:9:      layout_big_octagon, nicolae_overflow_crystal_walls,
          david_lair_shrubbed, enter_bailey_4, dreamdust_princess_corridor,
          uniq_maurice
D:10:     layout_loops_ring, mainiacjoe_overflow_concentric_impassable,
          erik_orc_3, minmay_alternating_orb
D:11:     layout_irregular_city, nrook_uturn, uniq_urug
D:12:     layout_basic, uniq_nergalle
D:13:     layout_roguey, nicolae_splish_splash
D:14:     layout_basic, erik_vaults_2
D:15:     grunt_enter_depths_hoard, layout_gridville, grunt_decor_arrowhead
Temple:   regret_index_temple_chain_breaker
Lair:1:   layout_regular_city, nicolae_quartered_pool_little,
          grunt_megastairs_4, infiniplex_staircase_pool_2
Lair:2:   layout_loops_ring, nicolae_spider_entry_orb_guardian, serial_rivers,
          chequers_serial_rivers_marsh, chequers_serial_rivers_small_b,
          chequers_serial_rivers_micro_e, chequers_serial_rivers_room_a,
          cheibrodos_lair_caveside_slide, roderic_batcave, st_stairs_8,
          chequers_serial_rivers_micro_c, nicolae_lair_grazing_beasts
          [nicolae_sub_lair_graze_edge, nicolae_sub_lair_graze_edge,
          nicolae_sub_lair_graze_edge, nicolae_sub_lair_graze_edge]
Lair:3:   beast_lair_carwin_large_3, layout_long_grid, swamp_mist_pool,
          basic_altar, minmay_stone_trees_small, uniq_amaemon
Lair:4:   layout_roguey, st_stairs_6, serial_bayou_shore_b,
          serial_bayou_shore_b, lemuel_fruit_tree, grunt_megastairs_5,
          lemuel_fruit_fields, serial_bayou_shore_b, lemuel_fruit_fields
Lair:5:   wormcave, layout_long_grid, minmay_slime_entry_pillars, st_stairs_6,
          infiniplex_staircase_pool
Swamp:1:  nicolae_swamp_secret_spriggan_hideout, layout_falls_marsh,
          evilmike_swamp_ruin_house_5, uniq_louise, uniq_jorgrun
Swamp:2:  layout_basic_swamp, nicolae_swamp_big_swirl
Swamp:3:  layout_basic_swamp, serial_swamp_ruin, evilmike_swamp_ruin_house_1,
          evilmike_swamp_ruin_house_2, evilmike_swamp_ruin_rubble_1,
          swamp_pool4, nicolae_swamp_bloodsuckers_inc, uniq_nikola
Swamp:4:  swamp_old_school, layout_basic_swamp, swamp_pool4
Spider:1: layout_chambers
Spider:2: layout_spider_delve
Spider:3: layout_spider_delve, nicolae_spider_swamp_cousins
Spider:4: floodkiller_spider_rune_tomb
Slime:1:  layout_caves
Slime:2:  layout_caves, special_room [special_room_jelly]
Slime:3:  layout_caves
Slime:4:  layout_caves, uniq_dissolution
Slime:5
Orc:1:    layout_caves, uniq_josephine
Orc:2:    st_orc_congregation, layout_caves, hellmonk_guarded_unrand_dark_maul,
          uniq_snorg
Elf:1:    eino_elf_arrival_shootout, layout_rooms,
          hangedman_elven_crosses_minicolossus
Elf:2:    nicolae_elf_blades_crystal_corner, layout_onion_city
Elf:3:    minmay_elf_hall_quartered_circle, layout_geoelf_grid,
          ebering_ghost_reflecting_pool, portal_ice_cave_entry_ugly_swarm,
          minivault_19, grunt_ministairs_7, nicolae_elf_w_pinch, drop_trap,
          dk_noncrumbling_3, uniq_bai_suzhen
Vaults:1: vaults_mumra_lcd, nicolae_vaults_crenellated_ambush,
          hangedman_vaults_pinch, nicolae_vaults_wrenched,
          hangedman_vaults_nails, nicolae_vaults_sealed_display,
          vaults_mumra_minichess, nicolae_vaults_diagonal_hallway_7,
          vaults_room_semicircle, nicolae_vaults_angled_halls,
          dpeg_vaults_monster_box, layout_vaults_quadrants
Vaults:2: nicolae_vaults_storage_closets_1, minmay_crypt_entry_simple_round,
          nicolae_vaults_shelves_hall, nicolae_vaults_quartermaster,
          nicolae_vaults_steering_wheel, ontoclasm_vaults_twist,
          ontoclasm_vaults_gateway, nicolae_vaults_surprise_closet,
          layout_vaults_big_cross
Vaults:3: v_misc_8, nicolae_vaults_triangles, nicolae_vaults_closet_pinwheel_2,
          nicolae_vaults_storage_room_water, hangedman_vaults_variations,
          vaults_room_door_hall, ontoclasm_vaults_claustrophobia,
          nicolae_vaults_network_barrier, nicolae_vaults_trapezoid_1,
          vaults_standard_mumra_x, st_cells, nicolae_vaults_double_plus_1,
          layout_vaults_ring
Vaults:4: vaults_dpeg_ring, hangedman_vaults_locks, nicolae_vaults_what_the_h,
          nicolae_vaults_closet_pinwheel_1, vaults_room_stairs_pillars,
          v_misc_12, nicolae_vaults_tetromino_L_1, v_pattern_3,
          ontoclasm_vaults_shuriken, nicolae_vaults_tetromino_L_1,
          vaults_dpeg_diagonal, layout_vaults_big_room, serial_shops, shop
Crypt:1:  layout_chaotic_city, chequers_big_river, tombwall_bobbens,
          grunt_crypt_arrival_split, uniq_margery
Crypt:2:  layout_gridlike, uniq_frederick, uniq_vv
Crypt:3:  david_glass_crypt, layout_misc_corridors, tomb_entry_sphere_bobbens,
          eino_tiny_chamber, grunt_ministairs_11, uniq_khufu, uniq_grunn,
          uniq_josephina

Skill      XL: |  1  2  3  4  5  6  7  8  9 10 11 12 13 14 15 16 17 18 19 20 21 |
---------------+----------------------------------------------------------------+-----
Fighting       | 3 4 5 6 8 9 10 11 12 13 14 15 | 15.3
Dodging        | 3 4 5 6 7 9 10 12 13 14 | 14.0
Unarmed Combat | 4 5 6 7 8 9 10 11 12 13 14 15 16 19 20 21 | 21.3
Throwing       | 1 3 4 6 7 9 10 11 12 13 14 | 14.0
Armour         | 1 2 3 4 5 7 |  7.0
Evocations     | 1 2 4 5 6 7 8 |  8.5
Shields        | 1 4 6 7 9 10 11 12 | 12.0
Earth Magic    | 3 5 6 7 |  7.0
Spellcasting   | 1 2 |  2.0
Long Blades    | 4 6 |  6.2

Action                     |  1- 3 |  4- 6 |  7- 9 | 10-12 | 13-15 | 16-18 | 19-21 || total
---------------------------+-------+-------+-------+-------+-------+-------+-------++-------
  Melee: Unarmed           |    95 |    51 |   186 |   625 |  1065 |  1223 |  1044 ||  4289
         Pseudopods        |       |       |       |       |   195 |   156 |   353 ||   704
         Staff             |       |       |       |       |    25 |    65 |       ||    90
         Peck              |       |       |       |       |       |   350 |    43 ||   393
         Bite              |       |       |       |       |       |    61 |    20 ||    81
         Eudemon blade     |       |       |       |       |       |       |   145 ||   145
         Headbutt          |       |       |       |       |       |       |    25 ||    25
  Throw: Dart              |       |       |     3 |       |       |       |       ||     3
         Stone             |       |       |       |     4 |    27 |       |       ||    31
         Large rock        |       |       |       |       |    22 |    11 |     4 ||    37
         Javelin           |       |       |       |       |       |       |     4 ||     4
         Boomerang         |       |       |       |       |       |       |     5 ||     5
   Cast: Passwall          |       |       |       |       |       |       |     2 ||     2
         Apportation       |       |       |       |       |       |       |     2 ||     2
 Invoke: Oozemancy         |       |       |       |       |     3 |     4 |     3 ||    10
         Slimify           |       |       |       |       |       |     2 |     6 ||     8
  Evoke: Wand              |       |       |       |     1 |    10 |       |       ||    11
    Use: Scroll            |     4 |     2 |     4 |    15 |    10 |     8 |    10 ||    53
         Potion            |       |       |     1 |     4 |     1 |     5 |     3 ||    14
   Stab: Paralysed         |       |       |       |     4 |       |       |       ||     4
         Sleeping          |       |       |       |     1 |     1 |     3 |     1 ||     6
         Confused          |       |       |       |       |     2 |    50 |    26 ||    78
         Distracted        |       |       |       |       |     1 |     1 |       ||     2
 Armour: Robe              |    43 |    15 |    41 |   176 |   372 |   410 |   189 ||  1246
         Skin              |       |       |     3 |       |    20 |       |       ||    23
  Dodge: Dodged            |    42 |    21 |    97 |   321 |   732 |   808 |   430 ||  2451
  Block: Kite shield       |       |       |       |   297 |   805 |   889 |   756 ||  2747
         Reflection        |       |       |       |     5 |    23 |    33 |    64 ||   125
